AoeStats
← JohnLemond

Nomad

504136665Analyzed
3v3 RM · 28d ago on Sep 4, 2026· 66m 43s· 6 players
Game mode
Random Map
Map size
210×210
Population
200
Speed
Normal
Resources
Standard
Victory
Conquest
Starting age
Dark Age
Ending age
Imperial Age
RankedLock teamsTeams togetherTeam positionsShared explorationLock speedFull tech treeHidden civsTurbo modeCheats
Victory
Defeat
🇺🇸 Persians · United States
1037
+13
🇲🇽 Cumans · Mexico
1027
+13
🇺🇸 Poles · United States
1011
+14
🇺🇸 Georgians · United States
973
-14
🇺🇸 Huns · United States
963
-13
🇺🇸 Britons · United States
958
-13
ARGENPETES
5:59 Loom
15:36 Feudal Age
16:05 Double-Bit Axe
20:16 Horse Collar
24:36 Castle Age
22:33 Fletching
26:05 Bow Saw
25:29 Crossbowman
26:37 Bodkin Arrow
26:53 Forging
30:57 Bloodlines
33:35 Scale Barding Armor
34:06 Iron Casting
36:08 Chain Barding Armor
36:59 Wheelbarrow
39:20 Imperial Age
37:04 Gold Mining
39:14 Capped Ram
40:28 Conscription
40:10 Steppe Husbandry
40:40 Masonry
41:31 Chemistry
41:09 Plate Barding Armor
41:35 Blast Furnace
40:27 Siege Ram
40:34 Cavalier
42:11 Stone Mining
42:57 Paladin
47:35 Light Cavalry
48:25 Hussar
61:56 Heavy Plow
66:08 Murder Holes
JohnLemond
9:26 Loom
17:34 Feudal Age
18:16 Fishing Lines
18:45 Town Watch
22:52 Castle Age
22:12 Forging
22:10 Gold Mining
23:15 Double-Bit Axe
24:48 Scale Barding Armor
24:47 Fletching
27:59 Chain Barding Armor
28:21 Bloodlines
34:07 Pikeman
51:10 Imperial Age
49:42 Bow Saw
52:38 Cavalier
56:42 Chain Barding Armor
59:59 Wheelbarrow
60:05 Plate Barding Armor
60:38 Husbandry
61:37 Gold Shaft Mining
61:49 Conscription
62:53 Savar
65:25 Iron Casting
67:20 Blast Furnace
ThisCracka
12:36 Loom
16:02 Feudal Age
20:41 Man-at-Arms
24:10 Castle Age
24:14 Horse Collar
25:39 Scale Barding Armor
25:45 Forging
26:22 Double-Bit Axe
28:31 Gold Mining
30:48 Chain Barding Armor
31:04 Iron Casting
32:15 Wheelbarrow
34:05 Stone Mining
34:27 Bow Saw
34:21 Heavy Plow
37:30 Padded Archer Armor
37:20 Fletching
42:57 Crossbowman
43:24 Light Cavalry
47:05 Bloodlines
47:38 Hand Cart
51:56 Imperial Age
50:43 Thumb Ring
52:51 Arbalester
53:50 Leather Archer Armor
53:31 Bodkin Arrow
53:53 Winged Hussar
63:27 Bracer
64:28 Blast Furnace
baseballjoker08
4:17 Loom
17:41 Feudal Age
27:44 Double-Bit Axe
34:35 Gold Mining
54:20 Castle Age
Violet storm
15:29 Feudal Age
16:08 Double-Bit Axe
20:07 Castle Age
18:07 Fishing Lines
19:06 Fletching
19:18 Gold Mining
20:23 Horse Collar
20:57 Thumb Ring
20:51 Bodkin Arrow
22:29 Wheelbarrow
22:01 Loom
23:06 Bow Saw
23:19 Padded Archer Armor
25:48 Gillnets
26:12 Heavy Plow
30:37 Ballistics
32:06 Forging
32:28 Hand Cart
33:16 Husbandry
33:27 Bloodlines
33:56 Light Cavalry
35:22 Town Watch
37:23 Leather Archer Armor
37:15 Scale Barding Armor
38:10 Murder Holes
38:57 Gold Shaft Mining
39:16 Town Patrol
44:03 Imperial Age
43:40 Chain Barding Armor
43:56 Iron Casting
44:09 Hussar
45:16 Parthian Tactics
44:57 Bracer
46:24 Stone Mining
45:59 Heavy Cavalry Archer
henry j.waternoose
14:59 Feudal Age
21:13 Castle Age
19:01 Town Watch
20:42 Wheelbarrow
20:03 Double-Bit Axe
22:43 Stone Mining
31:53 Hand Cart
38:56 Imperial Age
36:14 Loom
41:10 Elite Monaspa
42:13 Conscription
42:04 Forging
42:00 Scale Barding Armor
41:47 Fletching
41:41 Horse Collar
42:00 Gold Mining
49:39 Murder Holes
49:55 Masonry
50:07 Pikeman
50:48 Squires
52:47 Gambesons
Connection lost

Rejoining the realm…

Still unreachable

The connection could not be restored.

Session expired

The server has moved on; the page needs a fresh start.